 Dungeon Crawl Stone Soup version 0.23.2-40-g277498a001 (webtiles) character file.

Game seed: 9891626519860276860

676 DildoBatman the Sneak (level 7, -4/46 HPs)
             Began as a Formicid Wizard on Sept 16, 2019.
             Slain by a sky beast (6 damage)
             ... on level 7 of the Dungeon.
             The game lasted 00:17:55 (5416 turns).

DildoBatman the Sneak (Formicid Wizard)             Turns: 5416, Time: 00:17:55

Health: -4/46      AC:  4    Str: 12    XL:     7   Next: 91%
Magic:  11/11      EV: 12    Int: 19    God:
Gold:   294        SH:  0    Dex: 14    Spells: 5/12 levels left

rFire    + . .     SeeInvis +   a - +2 rapier (venom)
rCold    . . .     Gourm    .   (no shield)
rNeg     . . .     Faith    .   l - +0 robe
rPois    .         Spirit   .   (helmet unavailable)
rElec    .         Reflect  .   F - +1 cloak
rCorr    .         Harm     .   (no gloves)
MR       .....                  (no boots)
Stlth    +++.......             r - amulet of regeneration
HPRegen  0.55/turn              o - +5 ring of dexterity
MPRegen  0.12/turn              q - ring of protection from fire

@: no status effects
A: permanent stasis, dig shafts and tunnels, four strong arms, antennae 3
a: Dig, Shaft Self


You were on level 7 of the Dungeon.
You were not hungry.

You visited 2 branches of the dungeon, and saw 8 of its levels.

You collected 294 gold pieces.

Inventory:

Hand Weapons
 a - a +2 rapier of venom (weapon)
 b - a +0 trident
 c - a +0 shortbow
 d - a +0 war axe of flaming
 f - a +2 dagger of flaming
Missiles
 e - 79 bolts
 t - 66 arrows
 w - 27 sling bullets
 C - 193 stones (quivered)
Armour
 l - a +0 robe (worn)
 F - a +1 cloak (worn)
Jewellery
 o - a +5 ring of dexterity (left hand)
 q - a ring of protection from fire (right hand)
 r - an amulet of regeneration (around neck)
Wands
 h - a wand of paralysis (4)
Scrolls
 k - a scroll of fog {unknown}
 p - a scroll of amnesia {unknown}
 x - 2 scrolls of remove curse
 z - 2 scrolls of identify
Potions
 g - a potion of ambrosia {unknown}
 i - a potion of magic {unknown}
 j - a potion of resistance {unknown}
 m - a potion of lignification {unknown}
 n - a potion of mutation {unknown}
 s - a potion of haste {unknown}
 u - 2 potions of curing {unknown}
 A - a potion of flight {unknown}
 B - a potion of might {unknown}
 E - 2 potions of degeneration {unknown}
 G - 2 potions of heal wounds {unknown}
Comestibles
 v - 7 rations
 D - 5 chunks of flesh


   Skills:
 - Level 1.7 Dodging
 - Level 6.0 Stealth
 - Level 3.2 Spellcasting
 - Level 6.0 Conjurations
   Level 1.0 Summonings
   Level 0.8 Translocations
 * Level 0.7 Fire Magic
 * Level 0.5 Air Magic
 * Level 1.1 Poison Magic


You had 5 spell levels left.
You knew the following spells:

 Your Spells              Type           Power        Failure   Level  Hunger
a - Conjure Flame         Conj/Fire      ###.....     11%         3    ###....
c - Magic Dart            Conj           ####         1%          1    None
e - Mephitic Cloud        Conj/Pois/Air  ##......     16%         3    ###....

Your spell library contained the following spells:

 Spells                   Type           Power        Failure   Level  Hunger
 Call Imp                 Summ           #.......     16%         2    ##.....
 Slow                     Hex            #.......     22%         2    ##.....
 Blink                    Tloc           Unusable     N/A         2    N/A

Dungeon Overview and Level Annotations

Branches:
Dungeon (7/15)             Temple (1/1) D:7

Altars:
Ashenzari
Cheibriados
Dithmenos
Elyvilon
Fedhas
Gozag
Hepliaklqana
Makhleb
Nemelex Xobeh
Okawaru
Qazlal
Ru
Sif Muna
Trog
Uskayaw
Vehumet
Xom
Yredelemnul
Zin
The Shining One

Annotations:
D:1 exclusions: sensed monster (detected) and 1 more exclusion
D:2 exclusions: adder and worm
D:3 exclusions: 3 gnolls, 4 sensed monsters (detected) and 1 more exclusion
D:4 exclusions: jackal, ogre, sensed monster (detected) and worker ant
D:5 exclusions: ice beast and 1 more exclusion, Menkaure
D:6 exclusions: orc, quasit, skeleton, sky beast and zombie
D:7 Prince Ribbit


Innate Abilities, Weirdness & Mutations

You cannot be hasted, slowed, berserked, paralysed or teleported.
You can dig through walls and to a lower floor.
Your four strong arms can wield two-handed weapons with a shield.
You have a pair of large antennae on your head. (SInv)


Message History

Anything else - Cancel.
You shout for attention!
You hear a shout!
The sky beast hits you. The sky beast shocks you.
What are your orders? t - Shout!
Orders for allies: a - Attack new target. r - Retreat! s - Stop attacking. g - Guard the area. f - Follow me.
Anything else - Cancel.
You shout for attention!
The sky beast hits you. The sky beast shocks you.
The steam dragon breathes steam at you. The ball of steam hits you! You resist.
The sky beast hits you. The sky beast shocks you.
You die...

#.#.#####........(.
.
#.#.######..)####.
#.#.#........#
#..........#.#
##......#####.#
#.......# ##.#
###......####..#
#..........D...#
#.###<##.##Y@l## #
#.##.#...§......
#......#..§#####
.....####### .#####
.# . ##


You could see a steam dragon, a sky beast and an iguana.

Vanquished Creatures
  A hippogriff (D:6)
  A sky beast (D:5)
  A centaur (D:4)
  A hound (D:5)
  A centaur skeleton (D:6)
  2 orc wizards (D:7)
  2 iguanas
  A howler monkey zombie (D:6)
  A worker ant zombie (D:5)
  4 adders
  A shadow imp (D:6)
  A worm (D:5)
  An adder skeleton (D:6)
  7 leopard geckos
  11 orcs
  A giant cockroach (D:3)
  7 goblins
  6 hobgoblins
  7 jackals
  2 quokkas (D:2)
  3 bats
  3 frilled lizards
  8 kobolds
  2 quokka zombies
  6 rats
  2 butterflies (D:7)
83 creatures vanquished.

Notes
Turn   | Place    | Note
-------+----------+-------------------------------------------
     0 | D:1      | DildoBatman the Formicid Wizard began the quest for the
                  | Orb.
     0 | D:1      | Reached XP level 1. HP: 13/13 MP: 4/4
    71 | D:1      | Reached skill level 1 in Conjurations
   345 | D:1      | Reached XP level 2. HP: 19/19 MP: 3/6
  1191 | D:2      | Found a burning altar of Makhleb.
  1194 | D:2      | Reached XP level 3. HP: 24/24 MP: 3/7
  1199 | D:2      | Learned a level 3 spell: Conjure Flame
  1203 | D:2      | Learned a level 3 spell: Mephitic Cloud
  1726 | D:2      | Found a shadowy altar of Dithmenos.
  2361 | D:3      | Reached XP level 4. HP: 23/30 MP: 3/8
  3087 | D:4      | Found a sparkling altar of Nemelex Xobeh.
  3125 | D:4      | Noticed a centaur
  3183 | D:4      | Killed a centaur
  3183 | D:4      | Reached XP level 5. HP: 32/35 MP: 5/9
  3544 | D:4      | Reached skill level 5 in Stealth
  3847 | D:4      | Noticed an ogre
  3924 | D:5      | Entered Level 5 of the Dungeon
  3944 | D:5      | Noticed an ice beast
  3978 | D:5      | Reached XP level 6. HP: 38/41 MP: 10/10
  4187 | D:5      | Noticed a two-headed ogre
  4604 | D:5      | Noticed Menkaure
  4646 | D:5      | Found a white marble altar of Elyvilon.
  4646 | D:5      | Noticed a sky beast
  4664 | D:5      | Killed a sky beast
  4796 | D:6      | Reached XP level 7. HP: 46/46 MP: 7/11
  4979 | D:6      | Reached skill level 5 in Conjurations
  4991 | D:6      | Noticed a hippogriff
  5017 | D:6      | Killed a hippogriff
  5253 | D:7      | Found a staircase to the Ecumenical Temple.
  5263 | Temple   | Entered the Ecumenical Temple
  5372 | D:7      | Reached skill level 1 in Poison Magic
  5381 | D:7      | Noticed Prince Ribbit
  5412 | D:7      | Noticed a steam dragon
  5416 | D:7      | HP: 2/46 [sky beast (4)]
  5416 | D:7      | Slain by a sky beast

Skill      XL: |  1  2  3  4  5  6  7 |
---------------+----------------------+-----
Conjurations   | 1 2 3 4 6 |  6.0
Stealth        | 3 4 5 6 |  6.0
Poison Magic   | 1 |  1.1
Dodging        | |  1.7
Spellcasting   | |  3.2
Summonings     | |  1.0
Translocations | |  0.8
Fire Magic     | |  0.7
Air Magic      | |  0.5

Action                   |  1- 3 |  4- 6 |  7- 9 || total
-------------------------+-------+-------+-------++-------
Melee: Short sword       |     3 |       |       ||     3
       Dagger            |    11 |    44 |       ||    55
       Trident           |       |     3 |       ||     3
       Rapier            |       |    44 |    41 ||    85
 Cast: Magic Dart        |    57 |    40 |    11 ||   108
       Conjure Flame     |     1 |     5 |     2 ||     8
       Mephitic Cloud    |       |     2 |       ||     2
 Abil: Dig               |     3 |     6 |     1 ||    10
  Use: Scroll            |       |     6 |       ||     6
 Stab: Sleeping          |     1 |     1 |       ||     2
       Confused          |       |     1 |       ||     1
  Eat: Chunk             |     4 |     6 |     2 ||    12
       Ration            |       |     1 |       ||     1
Armor: Robe              |     5 |    29 |    13 ||    47
Dodge: Dodged            |    24 |    82 |    35 ||   141
